 Dungeon Crawl Stone Soup version 0.31-a0-221-gbddc013574 (webtiles) character file.

Game seed: 11379556764210434150

182 qw the Shooter (level 5, 0/44 HPs)
             Began as a Minotaur Hexslinger on July 4, 2023.
             Slain by an orc wizard
             ... wielding a +0 dagger
              (2 damage)
             ... on level 4 of the Dungeon.
             The game lasted 00:00:58 (2448 turns).

qw the Shooter (Minotaur Hexslinger)                Turns: 2448, Time: 00:00:59

Health: 0/44       AC:  5    Str: 13    XL:     5   Next: 34%
Magic:  0/5        EV: 11    Int: 10    God:
Gold:   186        SH:  0    Dex: 14    Spells: 5/6 levels left

rFire   . . .        Y - +2 sling
rCold   . . .        (no shield)
rNeg    . . .        j - +0 ring mail
rPois   .            (helmet restricted)
rElec   .            (no cloak)
rCorr   +            (no gloves)
SInv    .            (no boots)
Will    .....        a - amulet of guardian spirit Stlth
                     b - ring of resist corrosion
HPRegen 0.27/turn    (no ring)
MPRegen 0.09/turn

%: guardian spirit
@: confused
A: horns 2, retaliatory headbutt
a: no special abilities


You were on level 4 of the Dungeon.
You visited 1 branch of the dungeon, and saw 4 of its levels.

You collected 186 gold pieces.


Innate Abilities, Weirdness & Mutations

You have a pair of horns on your head.
You reflexively headbutt those who attack you in melee.


   Skills:
 + Level 2.9 Fighting
 - Level 5.2 Ranged Weapons
 - Level 1.8 Armour
 - Level 2.1 Dodging
 - Level 1.0 Spellcasting
 - Level 2.0 Hexes


You had 5 spell levels left.
You knew the following spells:

 Your Spells              Type           Power      Damage    Failure   Level
a - Slow                  Hex            16%        N/A       32%         1

Your spell library contained the following spells:

 Spells                   Type           Power      Damage    Failure   Level
 Inner Flame              Hex/Fire       2%         N/A       82%         3
 Portal Projectile        Hex/Tloc       4%         N/A       82%         3
 Cause Fear               Hex            2%         N/A       97%         4

Inventory:

Hand Weapons
 Y - a +2 sling (weapon)
Armour
 j - a +0 ring mail (worn)
Jewellery
 a - an amulet of guardian spirit (around neck)
 b - a ring of resist corrosion (left hand)
 c - a +4 ring of protection
Scrolls
 g - a scroll of noise {unknown}
 h - a scroll of identify
Potions
 d - a potion of mutation {unknown}
 e - a potion of brilliance {unknown}
 f - a potion of curing {unknown}
 i - a potion of might

Dungeon Overview and Level Annotations

Branches:
Dungeon (4/15)
 Temple: D:4-7

Altars:

Shops:
D:1 :

Annotations:
D:3 3 runed translucent doors, qw's ghost, amateur GrHs


Message History

An orc comes into view. It is wielding a +0 club.
The orc wizard points at you and mumbles some strange words.
You are more confused.
The orc shouts!
The orc priest calls down the wrath of Beogh upon you.
Beogh smites you! The orc hits you but does no damage.
The orc wizard gestures wildly while chanting.
The orc wizard flickers and vanishes!
Deactivating autopickup; reactivate with Ctrl-A.
The orc hits you but does no damage. Something hits you but does no damage.
The orc priest hits you with a +0 flail.
Something hits you but does no damage. The orc completely misses you.
The orc priest calls down the wrath of Beogh upon you.
Pain shoots through your body! The orc hits you with a +0 club.
The orc closely misses you. Something hits you but does no damage.
The orc hits you but does no damage.
The orc priest hits you with a +0 flail.
The orc closely misses you.
You hear some strange, mumbled words.
Something tries to affect you, but you resist.
The orc closely misses you. Something hits you but does no damage.
The orc priest hits you with a +0 flail.
The orc hits you with a +0 dagger.
The orc priest hits you with a +0 flail.
Something hits you. The orc barely misses you.
The orc hits you but does no damage.
You feel less confused. The orc completely misses you.
The orc priest hits you with a +0 flail.
The orc misses you. Something hits you.
You shoot a sling bullet.
The sling bullet completely misses the orc priest.
The orc hits you but does no damage. The orc priest completely misses you.
You hear some strange, mumbled words.
You are confused.
The orc barely misses you. The orc hits you but does no damage.
The orc priest hits you with a +0 flail!
The orc barely misses you. Something hits you.
You die...

### ............#
..#######............#
........#..........[.#
......<.#............#
#########............#
..............%......#
%....................#
................@o...#
...............oo{...#
..................)..#
.........#'######....#
.........#..#...'....#
.........#..#...#....#
.........#..#.oo#....#
.........#..#...#....#
.........#..##o.#....#


You could see an orc priest and 2 orcs.

Vanquished Creatures
  A hound (D:4)
  2 orc priests
  2 adders (D:4)
  A worm (D:2)
  A dart slug (D:1)
  2 orcs
  6 ball pythons
  5 endoplasms
  3 giant cockroaches
  6 hobgoblins
  5 quokkas
  3 bats (D:2)
  5 frilled lizards
  7 goblins
  10 kobolds
  3 rats
62 creatures vanquished.

Notes
Turn   | Place    | Note
-------+----------+-------------------------------------------
     0 | D:1      | qw the Minotaur Hexslinger began the quest for the Orb.
     0 | D:1      | Reached XP level 1. HP: 16/16 MP: 1/1
     0 | D:1      | 0 ||| qw: Version: 0.3-a-41-g9d075ac
     0 | D:1      | 0 ||| qw: Game counter: 764
     0 | D:1      | 0 ||| qw: Melee chars always use a shield: true
     0 | D:1      | 0 ||| qw: God list: Okawaru
     0 | D:1      | 0 ||| qw: Allow faded altars: false
     0 | D:1      | 0 ||| qw: Do Orc after clearing Dungeon:15 true
     0 | D:1      | 0 ||| qw: Do second Lair branch before Depths: true
     0 | D:1      | 0 ||| qw: Lair rune preference: random
     0 | D:1      | 0 ||| qw: Goals: Normal
     0 | D:1      | 0 ||| PLANNING D:1-11
   183 | D:1      | Found Ytoepe's Book Emporium.
   313 | D:1      | Reached skill level 3 in Ranged Weapons
   326 | D:1      | Reached XP level 2. HP: 23/23 MP: 2/2
   761 | D:1      | Found a faded altar of an unknown god.
   877 | D:1      | 877 ||| UPGRADING to +0 leather armour.
   887 | D:1      | 887 ||| DROPPING +0 robe.
   888 | D:1      | 888 ||| READING scroll labelled VIFEZI KYUZXE.
   889 | D:1      | 889 ||| DROPPING scroll of poison.
   965 | D:2      | Reached XP level 3. HP: 29/29 MP: 3/3
  1061 | D:2      | Reached skill level 4 in Ranged Weapons
  1364 | D:2      | 1364 ||| READING scroll labelled BEANO IXAUWN.
  1365 | D:2      | 1365 ||| READING scroll labelled NEOFOGG FIPUR.
  1409 | D:3      | Reached XP level 4. HP: 21/36 MP: 4/4
  1409 | D:3      | 1409 ||| FLEEEEING.
  1410 | D:3      | 1410 ||| FLEEEEING.
  1411 | D:3      | 1411 ||| FLEEEEING.
  1412 | D:3      | 1412 ||| FLEEEEING.
  1413 | D:3      | 1413 ||| FLEEEEING.
  1414 | D:3      | 1414 ||| FLEEEEING.
  1415 | D:3      | 1415 ||| FLEEEEING.
  1416 | D:3      | 1416 ||| FLEEEEING.
  1417 | D:3      | 1417 ||| FLEEEEING.
  1418 | D:3      | 1418 ||| FLEEEEING.
  1419 | D:3      | 1419 ||| FLEEEEING.
  1420 | D:3      | 1420 ||| FLEEEEING.
  1421 | D:3      | 1421 ||| FLEEEEING.
  1422 | D:3      | 1422 ||| STAIRDANCE
  1466 | D:2      | 1466 ||| UPGRADING to amulet of guardian spirit.
  1474 | D:3      | 1474 ||| STAIRDANCE
  1497 | D:3      | 1497 ||| STAIRDANCE
  1505 | D:2      | Reached skill level 5 in Ranged Weapons
  1913 | D:3      | Found a runed translucent gate.
  1914 | D:3      | Found a runed translucent gate.
  1914 | D:3      | Identified the +2 mace of the Ass {freeze, rC+ Int+3}
  1915 | D:3      | Found a runed translucent gate.
  1915 | D:3      | Noticed qw's ghost (amateur GrHs)
  2174 | D:3      | 2174 ||| UPGRADING to +0 ring mail.
  2184 | D:3      | 2184 ||| DROPPING +0 leather armour.
  2185 | D:3      | 2185 ||| UPGRADING to ring of resist corrosion.
  2186 | D:3      | 2186 ||| READING scroll labelled BUPPAC BEDOXZYIDD.
  2187 | D:3      | 2187 ||| DRINKING 2 purple potions.
  2295 | D:4      | Reached skill level 1 in Armour
  2295 | D:4      | Reached XP level 5. HP: 32/42 MP: 5/5
  2428 | D:4      | 2428 ||| Stepping ~*~*~tactically~*~*~ (outnumbered).
  2431 | D:4      | 2431 ||| Stepping ~*~*~tactically~*~*~ (outnumbered).
  2444 | D:4      | HP: 11/44 [orc/+0 dagger (1)]
  2448 | D:4      | HP: 2/44 [orc priest/+0 flail (5)]
  2448 | D:4      | Slain by an orc wizard

Levels and vault maps discovered:
D:1:      dpeg_arrival_more_subterranean_lakeside_camping, layout_basic,
          serial_shops, shop, ebering_ecumenical_altar_box
D:2:      layout_basic
D:3:      layout_rooms, biasface_ghost_orc_armoury
D:4:      layout_gridville, minmay_temple_entry_gardened_gates,
          minmay_misc_feat_enclosed

Skill      XL: |  1  2  3  4 |
---------------+-------------+-----
Ranged Weapons | 3 4 5 |  5.2
Fighting       | 2 |  2.9
Armour         | 1 |  1.8
Dodging        | |  2.1
Spellcasting   | |  1.0
Hexes          | |  2.0

Action                     |  1- 3 |  4- 6 || total
---------------------------+-------+-------++-------
   Fire: Sling             |   118 |    81 ||   199
    Use: Scroll            |     3 |     1 ||     4
         Potion            |       |     1 ||     1
 Armour: Robe              |     2 |       ||     2
         Leather armour    |     5 |     6 ||    11
         Ring mail         |       |    17 ||    17
  Dodge: Dodged            |    29 |    35 ||    64

Table legend:
 A = Non-vault XP
 B = Vault XP
 C = Vault XP percentage of total XP
 D = Non-vault monster count
 E = Vault monster count
 F = Vault count percentage of total count
                 A         B        C        D         E       F
            +---------+---------+-------+---------+---------+-------
      Total |     260 |       0 |   0.0 |      62 |       0 |   0.0
            +---------+---------+-------+---------+---------+-------
        D:1 |      29 |       0 |   0.0 |      15 |       0 |   0.0
        D:2 |      92 |       0 |   0.0 |      29 |       0 |   0.0
        D:3 |      61 |       0 |   0.0 |      12 |       0 |   0.0
        D:4 |      78 |       0 |   0.0 |       6 |       0 |   0.0
            +---------+---------+-------+---------+---------+-------
